 Dungeon Crawl Stone Soup version 0.23.2-1-ga50397a (webtiles) character file.

Game seed: 15298155709250376455

963 Fang the Skirmisher (level 8, -3/51 HPs)
             Began as a Gargoyle Berserker on May 20, 2019.
             Was a Priest of Trog.
             Slain by a water moccasin (6 damage)
             ... on level 6 of the Dungeon on May 22, 2019.
             The game lasted 00:06:44 (5353 turns).

Fang the Skirmisher (Gargoyle Berserker)            Turns: 5353, Time: 00:06:45

Health: -3/51      AC: 15    Str: 22    XL:     8   Next: 15%
Magic:  8/8        EV:  2    Int:  9    God:    Trog [***...]
Gold:   296        SH:  0    Dex: -10 (9) Spells: 7/7 levels left

rFire    + . .     SeeInvis .   a - +0 war axe
rCold    . . .     Gourm    .   (no shield)
rNeg     + . .     Faith    .   b - +0 chain mail
rPois    ∞         Spirit   .   (no helmet)
rElec    +         Reflect  .   p - scarf {cloud immunity}
rCorr    .         Harm     .   (no gloves)
MR       ++...                  (no boots)
Stlth    ..........             (no amulet)
HPRegen  1.17/turn              r - ring of flight
MPRegen  0.11/turn              w - ring of protection from fire

@: regenerating, slowed, lost dexterity, very slow
A: negative energy resistance 1, electricity resistance, unbreathing,
petrification resistance, rot immunity, AC +5
a: Berserk, Trog's Hand, Renounce Religion, Evoke Flight


You were on level 6 of the Dungeon.
You worshipped Trog.
Trog was most pleased with you.
You were not hungry.

You visited 2 branches of the dungeon, and saw 7 of its levels.

You collected 296 gold pieces.

Inventory:

Hand Weapons
 a - a +0 war axe (weapon)
Armour
 b - a +0 chain mail (worn)
 p - a scarf of cloud immunity (worn)
Jewellery
 r - a ring of flight (left hand)
 w - a ring of protection from fire (right hand)
Wands
 x - a wand of flame (19)
Scrolls
 e - 3 scrolls of teleportation {unknown}
 f - 9 scrolls of identify {unknown}
 g - 2 scrolls of fear {unknown}
 h - 2 scrolls of magic mapping {unknown}
 k - 2 scrolls of amnesia {unknown}
 l - 2 scrolls of immolation {unknown}
 m - 3 scrolls of enchant weapon {unknown}
 n - 2 scrolls of remove curse {unknown}
 o - 2 scrolls of noise {unknown}
 q - a scroll of fog {unknown}
 s - a scroll of blinking {unknown}
Potions
 d - a potion of haste {unknown}
 i - a potion of berserk rage {unknown}
 j - a potion of curing {unknown}
 t - 2 potions of cancellation {unknown}
 v - a potion of agility {unknown}
Comestibles
 c - 8 rations
 u - 2 chunks of flesh


   Skills:
 + Level 5.9 Fighting
 + Level 4.9 Axes
 + Level 5.4 Armour
 + Level 4.0 Dodging


You had 7 spell levels left.
You didn't know any spells.
Your spell library was empty.

Dungeon Overview and Level Annotations

Branches:
Dungeon (7/15)             Temple (1/1) D:6

Altars:
Ashenzari
Cheibriados
Dithmenos
Hepliaklqana
Qazlal
Uskayaw
Vehumet
Xom


Innate Abilities, Weirdness & Mutations

You are resistant to torment.
Your stone body is resilient. (AC +5)
You are immune to poison.
You resist negative energy. (rN+)
You are resistant to electric shocks. (rElec)
You can survive without breathing.
You are immune to petrification.
You are immune to rotting.


Message History

You feel resistant to hostile enchantments.
You feel somewhat more hungry. The water moccasin bites you.
* * * LOW HITPOINT WARNING * * *
The quasit bites you but does no damage.
The quasit claws you but does no damage. x2
The water moccasin bites you.
* * * LOW HITPOINT WARNING * * *
The quasit bites you but does no damage.
The quasit claws you but does no damage. x2
The water moccasin bites you but does no damage.
The quasit bites you.
* * * LOW HITPOINT WARNING * * *
You feel clumsy.
The quasit claws you but does no damage.
The quasit claws you.
* * * LOW HITPOINT WARNING * * *
You feel clumsy.
The water moccasin bites you but does no damage.
The water moccasin bites you.
You die...

#.# #.# ####.# #.#
#....## #.# #.....#
#.# ##.....### #.#
#..._....# #.#
#......#
########.###......#
##.##......@S5.#
##.#.#.###.####.....#
#.###......# #####.#
##.#.#.#####
#...#.#### #.........
#.÷.###### ##.## #.#


You could see a water moccasin and a quasit.

Vanquished Creatures
  The ghost of Fang the Skirmisher, an amateur GrBe of Trog (D:3)
  An ice beast (D:7)
  A black bear (D:6)
  A phantom (D:4)
  A centaur (D:7)
  A scorpion (D:6)
  A crimson imp (D:6)
  A quasit (D:7)
  A bullfrog zombie (D:4)
  A jelly (D:6)
  An orc priest (D:7)
  A hound (D:7)
  2 bullfrog skeletons
  2 worker ants
  A killer bee zombie (D:7)
  3 adders
  2 shadow imps
  An adder skeleton (D:6)
  3 worms
  A dart slug (D:2)
  A leopard gecko (D:4)
  12 orcs
  16 bats
  3 giant cockroaches
  6 goblins
  11 hobgoblins
  A jackal (D:6)
  2 quokkas
  2 ball pythons (D:2)
  4 frilled lizards
  7 kobolds
  10 rats
102 creatures vanquished.

Notes
Turn   | Place    | Note
-------+----------+-------------------------------------------
     0 | D:1      | Fang the Gargoyle Berserker began the quest for the Orb.
     0 | D:1      | Reached XP level 1. HP: 14/14 MP: 1/1
   110 | D:1      | Reached XP level 2. HP: 15/19 MP: 2/2
   176 | D:1      | You fall through a shaft!
   225 | D:2      | Found a hide-covered altar of Uskayaw.
   438 | D:2      | Reached XP level 3. HP: 21/23 MP: 3/3
  1000 | D:2      | Reached ** piety under Trog
  1592 | D:1      | Reached XP level 4. HP: 29/29 MP: 4/4
  2382 | D:3      | Found a runed translucent gate.
  2382 | D:3      | Found a runed translucent gate.
  2382 | D:3      | Found a runed translucent gate.
  2382 | D:3      | Noticed Fang's ghost (amateur GrBe)
  2422 | D:3      | Found a snail-covered altar of Cheibriados.
  2929 | D:3      | Killed Fang's ghost
  2929 | D:3      | Reached XP level 5. HP: 34/34 MP: 5/5
  2994 | D:4      | Reached XP level 6. HP: 34/39 MP: 6/6
  3004 | D:4      | Reached *** piety under Trog
  3131 | D:4      | Noticed a phantom
  3248 | D:4      | Killed a phantom
  3354 | D:4      | Found a hazy altar of Hepliaklqana.
  3454 | D:4      | You fall through a shaft for 3 floors!
  3483 | D:7      | Noticed an ice beast
  3495 | D:7      | Killed an ice beast
  3495 | D:7      | Reached skill level 5 in Fighting
  3495 | D:7      | Reached XP level 7. HP: 44/44 MP: 7/7
  4141 | D:7      | Found a shadowy altar of Dithmenos.
  4223 | D:7      | Reached skill level 5 in Armour
  4480 | D:7      | Found a shattered altar of Ashenzari.
  4480 | D:7      | Found a shimmering altar of Xom.
  4850 | D:6      | Reached XP level 8. HP: 47/51 MP: 8/8
  4903 | D:6      | Found a radiant altar of Vehumet.
  4932 | D:6      | Found a staircase to the Ecumenical Temple.
  4940 | Temple   | Entered the Ecumenical Temple
  5225 | D:6      | Found a stormy altar of Qazlal.
  5314 | D:6      | Lost dexterity.
  5351 | D:6      | HP: 1/51 [water moccasin (3)]
  5353 | D:6      | Slain by a water moccasin

Skill      XL: |  1  2  3  4  5  6  7  8 |
---------------+-------------------------+-----
Axes           | 3 4 |  4.9
Dodging        | 2 3 4 |  4.0
Armour         | 3 4 5 |  5.4
Fighting       | 4 5 |  5.9

Action                   |  1- 3 |  4- 6 |  7- 9 || total
-------------------------+-------+-------+-------++-------
Melee: Hand axe          |   101 |   152 |    80 ||   333
       War axe           |       |       |   122 ||   122
Invok: Berserk           |     2 |     4 |     3 ||     9
       Trog's Hand       |       |       |     1 ||     1
 Stab: Sleeping          |     1 |     1 |       ||     2
  Eat: Chunk             |     4 |     7 |     9 ||    20
       Ration            |       |     1 |       ||     1
Armor: Animal skin       |    26 |    44 |    46 ||   116
       Chain mail        |       |       |   367 ||   367
Dodge: Dodged            |    70 |    92 |   218 ||   380
